AoeStats
← Tunga

Migration

505714186Analyzed
1v1 RM · 23d ago on Sep 10, 2026· 16m 57s· 2 players
Game mode
Random Map
Map size
132×132
Population
200
Speed
Normal
Resources
Standard
Victory
Conquest
Starting age
Dark Age
Ending age
Imperial Age
RankedLock teamsTeams togetherTeam positionsShared explorationLock speedFull tech treeHidden civsTurbo modeCheats
Victory
Defeat
🇬🇧 Italians · United Kingdom
790
+14
🇹🇷 Huns · Türkiye
746
-14
Wandervogel
8:10 Loom
10:46 Feudal Age
11:20 Double-Bit Axe
12:54 Wheelbarrow
14:04 Fishing Lines
14:47 Town Watch
Tunga
13:18 Feudal Age
11:34 Loom
13:43 Horse Collar
13:57 Double-Bit Axe
16:18 Wheelbarrow
Connection lost

Rejoining the realm…

Still unreachable

The connection could not be restored.

Session expired

The server has moved on; the page needs a fresh start.